 Dungeon Crawl Stone Soup version 0.31.0-11-ge490571c62 (webtiles) character file.

Game seed: 10188085078417001326

247 hawla the Scratcher (level 5, -3/22 HPs)
             Began as a Felid Shapeshifter on Jan 27, 2024.
             Slain by Crazy Yiuf
             ... wielding a +3 quarterstaff of chaos
              (4 damage)
             ... on level 2 of the Dungeon.
             The game lasted 00:05:51 (2766 turns).

hawla the Scratcher (Felid Shapeshifter)            Turns: 2766, Time: 00:05:52

Health: -3/22      AC:  5    Str: 20    XL:     5   Next: 85%
Magic:  6/6        EV: 17    Int: 12    God:
Gold:   121        SH:  0    Dex: 17    Spells: 4/4 levels left
                                        Lives:  0   Deaths: 2

rFire   . .          .
                       - Unarmed
rCold   . . .        (shield unavailable)
rNeg    . . .        (body armour unavailable)
rPois   .            (helmet unavailable)
rElec   .            (cloak unavailable)
rCorr   .            (gloves unavailable)
SInv    +            (boots unavailable)
Will    .....        (no amulet)
Stlth   ++           f - +6 ring of dexterity
HPRegen 0.23/turn    g - +4 ring of protection
MPRegen 0.10/turn

%: no passive effects
@: lethally poisoned (-3 -> -18), beast-form
A: beast (slay +1), very small, claws 1, fangs 3, see invisible, shaggy fur 1,
stealthy paws, no weapons or thrown items, no armour, multi-lived, clumsy 1,
frail 1, strong 2, teleportitis 1, devolution 1
a: Begin Untransformation


You were on level 2 of the Dungeon.
You were a hulking beast.
You visited 1 branch of the dungeon, and saw 3 of its levels.

You collected 121 gold pieces.

Inventory:

Jewellery
 f - a +6 ring of dexterity (left paw)
 g - a +4 ring of protection (right paw)
 h - a +4 ring of protection
Talismans
 b - a beast talisman
 c - a flux talisman
Wands
 a - a wand of roots (6)
 l - a wand of flame (15)
Scrolls
 d - 3 scrolls of teleportation
 j - a scroll of amnesia {unknown}
 k - a scroll of revelation {unknown}
 n - a scroll of enchant weapon {unknown}
Potions
 e - a potion of brilliance


   Skills:
 - Level 1.0 Fighting
 - Level 2.6 Dodging
 - Level 6.4 Unarmed Combat
 + Level 1.4 Evocations
 - Level 2.6 Shapeshifting


You had 4 spell levels left.
You didn't know any spells.
Your spell library was empty.

Dungeon Overview and Level Annotations

Branches:
Dungeon (3/15)

Altars:

Annotations:
D:2 Crazy Yiuf
D:3 Terence


Innate Abilities, Weirdness & Mutations

You are a hulking beast.
Your limbs bulge with bestial killing power. (Slay +1)
You have sharp claws.
You have razor-sharp teeth.
You have supernaturally acute eyesight. (SInv)
You are covered in fur. (AC +1)
Your paws help you pounce on unaware monsters.
You are incapable of wielding weapons or throwing items.
You cannot wear armour.
You gain extra lives every three experience levels.
You are clumsy. (Dex -2)
You are frail. (-10% HP)
Your muscles are very strong. (Str +8, Int/Dex -2)
You are occasionally teleported next to monsters.
You have hidden genetic defects.


Message History

You kill Ijyb!
Your Evocations skill increases to level 1!
You now have 121 gold pieces (gained 10).
a - a wand of roots (7)
Items here: ( )) [ ††.
You feel a genetic drift.
You feel clumsy.
Found a robe.
There is a stone staircase leading up here.
You can't go down here!
You climb upwards.
Level annotation: Crazy Yiuf
There is a stone staircase leading down here.
You start resting.
Crazy Yiuf is nearby!
Aiming: Fastroot
Press: ? - help, Shift-Dir - straight line The roots erupt in riotous growth!
Roots grab Crazy Yiuf.
The grasping roots constrict Crazy Yiuf.
Crazy Yiuf escapes!
Unknown command.
Crazy Yiuf cries, "Ten!
Whippet hand aubergine."
You claw Crazy Yiuf!
Crazy Yiuf is severely wounded.
Crazy Yiuf hits you with a +3 quarterstaff of chaos.
Crazy Yiuf burns you.
You scratch Crazy Yiuf.
Crazy Yiuf is severely wounded.
You barely miss Crazy Yiuf.
Crazy Yiuf is severely wounded.
Crazy Yiuf hits you with a +3 quarterstaff of chaos!
* * * LOW HITPOINT WARNING * * *
You are lethally poisoned!
You scratch Crazy Yiuf.
Crazy Yiuf is severely wounded.
* * * LOW HITPOINT WARNING * * *
You feel very sick.
Crazy Yiuf hits you with a +3 quarterstaff of chaos.
You die...

#.######.###########.#
#.#...................
#.#.####......######.#
#<#.#.......#.# #.#
#.#.##.####.#.# #..
#.#.##........# ###
#.#.##..###.##########
#.#.##................
#..>.hg<....##########
###.#................. #######
#.#####.######..#### #.....#
#...............####
####.###.####...................
#.................###.......####
##.#.###.########.# ###..####
#...# #.#......#.# #..## #####
#.#.####.#.# #...######


You could see Crazy Yiuf.

Vanquished Creatures
  Ijyb (D:3)
  Jessica (D:3)
  Natasha (thrice) (D:2)
  A hound zombie (D:3)
  A howler monkey zombie (D:3)
  3 adders
  2 dart slugs (D:2)
  A ribbon worm (D:2)
  An orc (D:3)
  2 endoplasms
  2 giant cockroaches
  4 goblins
  A hobgoblin (D:2)
  8 jackals (D:2)
  9 ball pythons
  A ball python zombie (D:3)
  6 bats
  6 kobolds
  A quokka zombie (D:3)
  11 rats
65 creatures vanquished.

Notes
Turn   | Place    | Note
-------+----------+-------------------------------------------
     0 | D:1      | hawla the Felid Shapeshifter began the quest for the Orb.
     0 | D:1      | Reached XP level 1. HP: 10/10 MP: 2/2
   368 | D:1      | Reached XP level 2. HP: 14/14 MP: 3/3
   964 | D:2      | Reached skill level 4 in Unarmed Combat
  1030 | D:2      | Reached XP level 3. HP: 15/18 MP: 4/4
  1594 | D:2      | Noticed Natasha
  1599 | D:2      | Killed Natasha
  1600 | D:2      | Reached skill level 5 in Unarmed Combat
  1600 | D:2      | Reached XP level 4. HP: 22/22 MP: 5/5
  1600 | D:2      | Gained a life (2 lives remaining)
  1813 | D:2      | Found a runed translucent door.
  1814 | D:2      | Noticed Crazy Yiuf
  1844 | D:2      | Noticed Natasha
  1852 | D:2      | Killed Natasha
  2065 | D:2      | Noticed Natasha
  2072 | D:2      | Killed Natasha
  2073 | D:2      | Reached XP level 5. HP: 15/25 MP: 6/6
  2138 | D:2      | Slain by Crazy Yiuf
  2138 | D:2      | Lost a life (1 life remaining)
  2176 | D:3      | Reached skill level 6 in Unarmed Combat
  2186 | D:3      | Noticed Jessica
  2191 | D:3      | Killed Jessica
  2230 | D:3      | Noticed Terence
  2369 | D:3      | Gained mutation: You occasionally lose the ability to read
                  | scrolls when taking damage. [potion of mutation]
  2369 | D:3      | Gained mutation: Your magical capacity is low. (-10% MP)
                  | [potion of mutation]
  2369 | D:3      | Gained mutation: You are partially covered in large bone
                  | plates. (SH +4) [potion of mutation]
  2370 | D:3      | Lost mutation: You are partially covered in large bone
                  | plates. (SH +4) [potion of mutation]
  2370 | D:3      | Lost mutation: You occasionally lose the ability to read
                  | scrolls when taking damage. [potion of mutation]
  2370 | D:3      | Gained mutation: You are frail. (-10% HP) [potion of
                  | mutation]
  2370 | D:3      | Gained mutation: Your muscles are strong. (Str +4, Int/Dex
                  | -1) [potion of mutation]
  2370 | D:3      | Gained mutation: You have a somewhat thin skeletal
                  | structure. (Dex +2, Stealth+) [potion of mutation]
  2371 | D:3      | Lost mutation: You have a somewhat thin skeletal structure.
                  | (Dex +2, Stealth+) [potion of mutation]
  2371 | D:3      | Lost mutation: Your magical capacity is low. (-10% MP)
                  | [potion of mutation]
  2371 | D:3      | Gained mutation: You occasionally shout uncontrollably at
                  | your foes. [potion of mutation]
  2371 | D:3      | Gained mutation: You are dopey. (Int -2) [potion of
                  | mutation]
  2372 | D:3      | Lost mutation: You are dopey. (Int -2) [potion of mutation]
  2372 | D:3      | Lost mutation: You occasionally shout uncontrollably at
                  | your foes. [potion of mutation]
  2372 | D:3      | Gained mutation: You are occasionally teleported next to
                  | monsters. [potion of mutation]
  2372 | D:3      | Gained mutation: You have hidden genetic defects. [potion
                  | of mutation]
  2372 | D:3      | Gained mutation: Your muscles are very strong. (Str +8,
                  | Int/Dex -2) [potion of mutation]
  2439 | D:3      | Noticed Ijyb
  2450 | D:3      | Slain by Ijyb
  2450 | D:3      | Lost a life (0 lives remaining)
  2695 | D:3      | Killed Ijyb
  2696 | D:3      | Reached skill level 1 in Evocations
  2700 | D:3      | Gained mutation: You are clumsy. (Dex -2) [hidden defects]
  2766 | D:2      | HP: 1/22 [poisoned by Crazy Yiuf]
  2766 | D:2      | Slain by Crazy Yiuf

Illustrated notes

Levels and vault maps discovered:
D:1:      nzn_arrival_settlement, layout_loops_corners
D:2:      layout_basic, hangedman_feature_mirror, uniq_crazy_yiuf_cottage,
          uniq_natasha
D:3:      layout_rooms, nicolae_yredelemnul_corpse_copse,
          nicolae_concentric_dashed_squares_wild, uniq_ijyb, uniq_jessica,
          uniq_terence

Skill      XL: |  1  2  3  4  5 |
---------------+----------------+-----
Unarmed Combat | 4 5 6 |  6.4
Evocations     | 1 |  1.4
Fighting       | |  1.0
Dodging        | |  2.6
Shapeshifting  | |  2.6

Action                     |  1- 3 |  4- 6 || total
---------------------------+-------+-------++-------
  Melee: Unarmed           |    82 |    81 ||   163
         Bite              |     6 |     5 ||    11
         Punch             |     4 |     2 ||     6
  Evoke: Wand              |       |     8 ||     8
    Use: Scroll            |     3 |     2 ||     5
         Potion            |       |     5 ||     5
   Stab: Sleeping          |     5 |     2 ||     7
         Distracted        |       |     1 ||     1
 Armour: Skin              |    31 |    38 ||    69
  Dodge: Dodged            |    52 |    49 ||   101
